 Dungeon Crawl Stone Soup version 0.26.1-2-gb8aa6d0cf2 (webtiles) character file.

Game seed: 1596330956941219274

66 jlumianski the Grasshopper (level 4, 0/38 HPs)
             Began as a Gnoll Warper on Mar 23, 2021.
             Slain by Purgy (3 damage)
             ... on level 2 of the Dungeon.
             The game lasted 00:08:13 (2546 turns).

jlumianski the Grasshopper (Gnoll Warper)           Turns: 2546, Time: 00:08:14

Health: 0/38       AC:  5    Str: 19    XL:     4   Next: 15%
Magic:  7/11       EV: 13    Int: 16    God:
Gold:   130        SH:  0    Dex: 15    Spells: 11/13 levels left

rFire    . . .     SeeInvis .   a - +0 hand axe
rCold    . . .     Faith    .   (no shield)
rNeg     . . .     Spirit   .   f - +0 ring mail
rPois    .         Reflect  .   (no helmet)
rElec    .         Harm     .   (no cloak)
rCorr    .         Rampage  .   (no gloves)
Will     .....                  (no boots)
Stlth    +.........             (no amulet)
HPRegen  0.12/turn              l - +6 ring of strength
MPRegen  0.12/turn              (no ring)

@: no status effects
A: distributed training, fangs 1, strong nose
a: no special abilities


You were on level 2 of the Dungeon.
You visited 1 branch of the dungeon, and saw 3 of its levels.

You collected 130 gold pieces.

Inventory:

Hand Weapons
 a - a +0 hand axe (weapon)
 o - a +0 dagger
Missiles
 c - 3 javelins
 e - 5 boomerangs of dispersal
 j - 19 poisoned darts (quivered)
 m - 7 silver boomerangs
 t - 62 stones
Armour
 b - a +0 leather armour
 f - a +0 ring mail (worn)
 r - a +0 cloak
 v - a +0 kite shield
Jewellery
 l - a +6 ring of strength (left hand)
Wands
 x - a wand of random effects (13)
Scrolls
 d - a scroll of blinking
 h - a scroll of fog {unknown}
 i - a scroll of remove curse {unknown}
 k - a scroll of teleportation
 p - 2 scrolls of fear
 q - 3 scrolls of identify
 s - a scroll of enchant weapon {unknown}
Potions
 g - 6 potions of curing {unknown}
 n - 2 potions of haste {unknown}
 u - a potion of brilliance {unknown}
 w - a potion of heal wounds {unknown}
 z - a potion of attraction {unknown}


   Skills:
 + Level 4.6 Fighting
 + Level 1.0 Short Blades
 + Level 1.0 Long Blades
 + Level 4.6 Axes
 + Level 1.0 Maces & Flails
 + Level 1.0 Polearms
 + Level 1.0 Staves
 + Level 1.0 Slings
 + Level 1.0 Bows
 + Level 1.0 Crossbows
 + Level 2.7 Throwing
 + Level 2.7 Armour
 + Level 4.6 Dodging
 + Level 1.0 Stealth
 + Level 1.0 Shields
 + Level 1.0 Unarmed Combat
 + Level 5.0 Spellcasting
 + Level 0.8 Conjurations
 + Level 0.8 Hexes
 + Level 0.8 Summonings
 + Level 0.8 Necromancy
 + Level 5.4 Translocations
 + Level 0.8 Transmutations
 + Level 0.8 Fire Magic
 + Level 0.8 Ice Magic
 + Level 0.8 Air Magic
 + Level 0.8 Earth Magic
 + Level 0.8 Poison Magic
 + Level 1.1 Invocations
 + Level 1.0 Evocations


You had 11 spell levels left.
You knew the following spells:

 Your Spells              Type           Power        Failure   Level
a - Blink                 Tloc           N/A          4%          2

Your spell library contained the following spells:

 Spells                   Type           Power        Failure   Level
 Gell's Gravitas          Tloc           10%          9%          3
 Lesser Beckoning         Tloc           10%          9%          3
 Teleport Other           Tloc           21%          9%          3
 Passage of Golubria      Tloc           N/A          26%         4


Dungeon Overview and Level Annotations

Branches:
Dungeon (3/15)

Altars:

Annotations:
D:2 Purgy


Innate Abilities, Weirdness & Mutations

Your experience applies equally to all skills.
You have very sharp teeth.
Your uncanny sense of smell can sniff out nearby items.


Message History

Purgy is lightly wounded.
Purgy bites you but does no damage. Purgy closely misses you. Purgy misses you.
You hit Purgy. Your bite misses Purgy.
Purgy is moderately wounded.
Purgy closely misses you. Purgy barely misses you. Purgy claws you.
You hit Purgy but do no damage.
Purgy is lightly wounded.
Purgy barely misses you. Purgy claws you.
* * * LOW HITPOINT WARNING * * *
Purgy barely misses you. Purgy barely misses you. Purgy misses you.
Purgy claws you.
* * * LOW HITPOINT WARNING * * *
You climb upwards.
There is a stone staircase leading down here.
Casting: Blink (safe; 4% risk of failure)
Confirm with . or Enter, or press ? or * to list all spells.
You blink.
Purgy bites you.
* * * LOW HITPOINT WARNING * * *
Purgy claws you.
You die...

#..#.##### ##.###
#..#.....# ####)#
..(#####.#∆
#...># ########.#
∆ #.#### ..#)#
#########.# #.#.#
#.........#
#.#.##
#.#########
#######....####§#
.............@T.#
#################


You could see Purgy (poisoned).

Vanquished Creatures
  2 oozes
  2 worms
  A dart slug (D:1)
  2 leopard geckos (D:2)
  5 bats
  5 giant cockroaches
  8 goblins
  5 hobgoblins (D:1)
  A quokka (D:2)
  4 frilled lizards
  8 kobolds
  4 rats
47 creatures vanquished.

Notes
Turn   | Place    | Note
-------+----------+-------------------------------------------
     0 | D:1      | jlumianski the Gnoll Warper began the quest for the Orb.
     0 | D:1      | Reached XP level 1. HP: 20/20 MP: 6/6
   267 | D:1      | Reached XP level 2. HP: 26/26 MP: 7/7
   273 | D:1      | Learned a level 2 spell: Blink
   654 | D:1      | Reached skill level 5 in Spellcasting
   654 | D:1      | Reached XP level 3. HP: 31/31 MP: 7/9
  1084 | D:1      | Reached skill level 1 in Invocations
  1798 | D:2      | Reached skill level 1 in Short Blades
  1798 | D:2      | Reached skill level 1 in Long Blades
  1798 | D:2      | Reached skill level 1 in Maces & Flails
  1798 | D:2      | Reached skill level 1 in Polearms
  1798 | D:2      | Reached skill level 1 in Staves
  1798 | D:2      | Reached skill level 1 in Slings
  1798 | D:2      | Reached skill level 1 in Bows
  1798 | D:2      | Reached skill level 1 in Crossbows
  1798 | D:2      | Reached skill level 1 in Stealth
  1798 | D:2      | Reached skill level 1 in Shields
  1798 | D:2      | Reached skill level 1 in Unarmed Combat
  1798 | D:2      | Reached skill level 1 in Evocations
  2190 | D:2      | Reached XP level 4. HP: 35/38 MP: 11/11
  2514 | D:3      | Noticed Purgy
  2546 | D:2      | Slain by Purgy

Illustrated notes

Levels and vault maps discovered:
D:1:      giann_forest_graveyard, layout_basic, kennysheep_nondescript
D:2:      layout_basic
D:3:      kb_forest_paths, layout_basic, uniq_purgy

Skill      XL: |  1  2  3 |
---------------+----------+-----
Spellcasting   | 5 |  5.0
Invocations    | 1 |  1.1
Short Blades   | 1 |  1.0
Long Blades    | 1 |  1.0
Maces & Flails | 1 |  1.0
Polearms       | 1 |  1.0
Staves         | 1 |  1.0
Slings         | 1 |  1.0
Bows           | 1 |  1.0
Crossbows      | 1 |  1.0
Stealth        | 1 |  1.0
Shields        | 1 |  1.0
Unarmed Combat | 1 |  1.0
Evocations     | 1 |  1.0
Fighting       | |  4.6
Axes           | |  4.6
Throwing       | |  2.7
Armour         | |  2.7
Dodging        | |  4.6
Conjurations   | |  0.8
Hexes          | |  0.8
Summonings     | |  0.8
Necromancy     | |  0.8
Translocations | |  5.4
Transmutations | |  0.8
Fire Magic     | |  0.8
Ice Magic      | |  0.8
Air Magic      | |  0.8
Earth Magic    | |  0.8
Poison Magic   | |  0.8

Action                   |  1- 3 |  4- 6 || total
-------------------------+-------+-------++-------
Melee: Hand axe          |   137 |    31 ||   168
       Bite              |    13 |     2 ||    15
       Punch             |     2 |       ||     2
Throw: Dart              |     6 |     4 ||    10
 Cast: Blink             |       |     3 ||     3
Evoke: Wand              |       |     1 ||     1
  Use: Scroll            |     3 |       ||     3
 Stab: Sleeping          |     1 |       ||     1
Armor: Leather armour    |     4 |       ||     4
       Ring mail         |    39 |    17 ||    56
Dodge: Dodged            |    83 |    49 ||   132
